 Dungeon Sprint DCSS version 0.17-b1-15-g0f5fb43 (webtiles) character file.

1474 Kidiri the Covert (level 8, -7/42 HPs)
             Began as a Spriggan Enchanter on Nov 3, 2015.
             Mangled by a polar bear (13 damage)
             ... in the Dungeon (Sprint II: "The Violet Keep of Menkaure").
             The game lasted 00:03:48 (560 turns).

Kidiri the Covert (Spriggan Enchanter)               Turns: 560, Time: 00:03:48

Health: -7/42      AC:  6    Str:  4    XL:     8   Next: 49%
Magic:  20/22      EV: 28    Int: 17    God:
Gold:   972        SH:  0    Dex: 18    Spells: 5 memorised, 14 levels left

rFire  . . .     SeeInvis +     a - +1 dagger
rCold  + + .     Clarity  .     b - +1 robe
rNeg   + . .     SustAt   .     (shield restricted)
rPois  .         Gourm    .     (helmet restricted)
rElec  +         Spirit   .     (no cloak)
rCorr  .         Warding  .     (gloves unavailable)
rMut   .         NoTele   +     (boots unavailable)
MR     ++...                    (no amulet)
Stlth  ++++++....               (no ring)
                                c - ring of Ycweiro {rElec rC++ rN+ MR+ AC+3}

@: very quick, very resistant to hostile enchantments, very stealthy
A: unfitting armour, see invisible, herbivore 3, speed 3, slow metabolism 2
a: no special abilities


You were in the Dungeon.
You were not hungry.

You visited 1 branch You collected 972 gold pieces.

Inventory:

Hand Weapons
 a - a +1 dagger (weapon)
Armour
 b - a +1 robe (worn)
Jewellery
 c - the ring of Ycweiro (left hand) {rElec rC++ rN+ MR+ AC+3}
   (You found it in the Dungeon)

   [ring of protection]

   It affects your AC (+3).
   It greatly protects you from cold.
   It insulates you from electricity.
   It protects you from negative energy.
   It affects your resistance to hostile enchantments.
Scrolls
 j - a scroll of blinking
Potions
 e - a potion of curing
 f - a potion of heal wounds
 g - a potion of haste
 h - 2 potions of magic
Comestibles
 d - a bread ration


   Skills:
 + Level 4.4 Fighting
 * Level 8.7 Short Blades
 + Level 4.0 Armour
 * Level 11.4 Dodging
 * Level 12.5 Stealth
 * Level 9.8 Spellcasting
 + Level 2.4 Conjurations
 + Level 7.6 Hexes
 + Level 2.6 Ice Magic


You had 14 spell levels left.
You knew the following spells:

 Your Spells              Type           Power        Failure   Level  Hunger
a - Corona                Hex            ####...      1%          1    None
b - Ensorcelled Hibernat  Hex/Ice        ####..       1%          2    None
c - Confuse               Hex            ####....     1%          3    None
d - Tukima's Dance        Hex            ####....     1%          3    None
e - Dazzling Spray        Conj/Hex       ####....     3%          3    None


Dungeon Overview and Level Annotations

Branches:
Dungeon (1/1)

Altars:
Cheibriados
Dithmenos
Gozag
Makhleb
Nemelex Xobeh
Okawaru
Ru
Sif Muna
Trog
Xom
Yredelemnul
Zin
The Shining One
Jiyva
Lugonu

Shops:
D }:%!%[:(:!?[%=(=

Annotations:
D exclusion: oklob plant


Innate Abilities, Weirdness & Mutations

You are tiny and cannot use many weapons and most armour.
You have supernaturally acute eyesight.
You are a herbivore.
You cover ground extremely quickly.
You need consume almost no food.


Message History

The polar bear barely misses you. The polar bear completely misses you.
The polar bear claws you but does no damage.
Casting: Ensorcelled Hibernation
Confirm with . or Enter, or press ? or * to list all spells.
Okay, then.
The polar bear completely misses you. x3
The yaktaur shouts!
You hit the yaktaur.
The yaktaur is lightly wounded.
Unknown command.
The polar bear completely misses you. The polar bear claws you.
The polar bear claws you but does no damage.
The polar bear bites you. The polar bear completely misses you.
The polar bear misses you.
The yaktaur wields an arbalest.
The yaktaur shoots a steel bolt.
The steel bolt hits you!!
Ouch! That really hurt!
* * * LOW HITPOINT WARNING * * *
You see here a steel bolt.
The polar bear bites you!
You die...

+++## ....# ##..# #.
.##.#### +.### ..#....#
...#### .####..##
#..##c# ###.##..#
+..#..# ##...#..#
#..#hh#
:'##.'..####..##@#
##...#....###...##▓▓
###.##......≈≈≈≈≈≈≈≈≈≈≈
.####≈≈.....≈#+########
..#≈≈≈≈≈≈≈.§≈#....._._#
.##≈≈≈§≈≈≈§.≈#...._._.#
##≈≈≈≈≈§§≈§≈≈#..._._._#
≈≈≈≈≈≈≈§§≈§§§#.._._._.#
+++#§§§≈§§§§§#.⌠._._._#


You could see 2 polar bears and a yaktaur.

Vanquished Creatures
  A siren (D)
  A polar bear (D)
  2 boulder beetles (D)
  A wasp (D)
  4 necrophages (D)
  2 crocodiles (D)
  A scorpion (D)
  3 worms (D)
15 creatures vanquished.

Vanquished Creatures (others)
  Menkaure (D)
1 creature vanquished.

Grand Total: 16 creatures vanquished

Notes
Turn   | Place    | Note
--------------------------------------------------------------
     0 | D        | Kidiri the Spriggan Enchanter began the quest for the Orb.
     0 | D        | Reached XP level 1. HP: 9/9 MP: 5/5
     1 | D        | Noticed a boulder beetle
     1 | D        | Noticed a boulder beetle
     8 | D        | Noticed a siren
    11 | D        | Noticed a necrophage
    11 | D        | Noticed a necrophage
    11 | D        | Noticed a necrophage
    11 | D        | Noticed a necrophage
    20 | D        | Killed a necrophage
    20 | D        | Reached skill level 1 in Fighting
    20 | D        | Reached skill level 1 in Armour
    20 | D        | Reached skill level 5 in Dodging
    20 | D        | Reached skill level 6 in Stealth
    20 | D        | Reached XP level 2. HP: 15/15 MP: 5/8
    20 | D        | Reached XP level 3. HP: 18/18 MP: 6/10
    20 | D        | Reached XP level 4. HP: 22/23 MP: 6/11
    25 | D        | Killed a necrophage
    25 | D        | Reached skill level 7 in Stealth
    25 | D        | Reached skill level 5 in Spellcasting
    25 | D        | Reached skill level 5 in Hexes
    25 | D        | Reached XP level 5. HP: 17/26 MP: 7/14
    27 | D        | Noticed a crocodile
    27 | D        | Killed a necrophage
    27 | D        | Reached skill level 5 in Short Blades
    27 | D        | Reached skill level 8 in Stealth
    30 | D        | Killed a necrophage
    30 | D        | Reached skill level 9 in Stealth
    30 | D        | Reached XP level 6. HP: 20/32 MP: 7/17
    35 | D        | Killed a crocodile
    35 | D        | Reached skill level 10 in Stealth
    40 | D        | Killed Menkaure
    90 | D        | Learned a level 2 spell: Ensorcelled Hibernation
    94 | D        | Learned a level 3 spell: Confuse
    98 | D        | Learned a level 3 spell: Tukima's Dance
   102 | D        | Learned a level 3 spell: Dazzling Spray
   234 | D        | Killed a siren
   234 | D        | Reached skill level 10 in Dodging
   234 | D        | Reached skill level 11 in Stealth
   234 | D        | Reached skill level 1 in Conjurations
   234 | D        | Reached skill level 1 in Ice Magic
   234 | D        | Reached XP level 7. HP: 35/37 MP: 6/20
   252 | D        | Killed a boulder beetle
   261 | D        | Killed a boulder beetle
   261 | D        | Reached XP level 8. HP: 19/42 MP: 2/22
   424 | D        | Noticed an electric eel
   424 | D        | Noticed an electric eel
   425 | D        | Noticed an electric eel
   425 | D        | Noticed an electric eel
   425 | D        | Noticed an electric eel
   426 | D        | Noticed an electric eel
   426 | D        | Noticed an electric eel
   426 | D        | Noticed an electric eel
   426 | D        | Noticed a crocodile
   428 | D        | Killed a crocodile
   428 | D        | Reached skill level 12 in Stealth
   465 | D        | Noticed an orange crystal statue
   470 | D        | Found Worhiklu's Jewellery Emporium.
   471 | D        | Found Xusaj's Jewellery Emporium.
   471 | D        | Found Obajuhaf's Food Shoppe.
   472 | D        | Noticed a scorpion
   474 | D        | Killed a scorpion
   476 | D        | Got a slimy glass ring
   477 | D        | Identified the ring of Ycweiro {rElec rC++ rN+ MR+ AC+3} (You found it in the Dungeon)
   479 | D        | Found Poegg's Magic Scroll Emporium.
   479 | D        | Found Miekleul's Distillery.
   481 | D        | Found Celeh's Book Emporium.
   481 | D        | Found Esioschoa's Antique Armour Shoppe.
   481 | D        | Found Leimn's Antique Weapon Shoppe.
   481 | D        | Found Jack's Book Emporium.
   482 | D        | Found Wiasos's Antique Armour Emporium.
   482 | D        | Found Liecoilo's Food Shoppe.
   483 | D        | Found Limpewa's Antique Weapon Shoppe.
   485 | D        | Found Dedain's Distillery.
   485 | D        | Found Ijigup's Food Emporium.
   485 | D        | Noticed a hell hog
   485 | D        | Noticed a hell hog
   485 | D        | Noticed an oklob plant
   486 | D        | Found Cist's Gadget Shoppe.
   486 | D        | Found Seoneorod's Book Shoppe.
   487 | D        | Noticed a hippogriff
   487 | D        | Noticed a hippogriff
   488 | D        | Noticed a hippogriff
   490 | D        | Noticed a polar bear
   492 | D        | Noticed a polar bear
   545 | D        | Found an opulent altar of Gozag.
   545 | D        | Found a snail-covered altar of Cheibriados.
   546 | D        | Found a viscous altar of Jiyva.
   546 | D        | Found a bloodstained altar of Trog.
   547 | D        | Found an iron altar of Okawaru.
   547 | D        | Found a glowing golden altar of the Shining One.
   547 | D        | Found a shimmering altar of Xom.
   548 | D        | Found a burning altar of Makhleb.
   548 | D        | Found a glowing silver altar of Zin.
   548 | D        | Found a sparkling altar of Nemelex Xobeh.
   549 | D        | Found a shadowy altar of Dithmenos.
   549 | D        | Found a deep blue altar of Sif Muna.
   550 | D        | Found a basalt altar of Yredelemnul.
   550 | D        | Found a corrupted altar of Lugonu.
   550 | D        | Found a sacrificial altar of Ru.
   551 | D        | Noticed a yaktaur
   551 | D        | Noticed a wasp
   551 | D        | Noticed a polar bear
   552 | D        | Noticed a polar bear
   552 | D        | Noticed a polar bear
   553 | D        | Killed a polar bear
   555 | D        | Killed a wasp
   560 | D        | Mangled by a polar bear

Action                   |  1- 3 |  4- 6 |  7- 9 || total
-------------------------+-------+-------+-------++-------
Melee: Dagger            |     7 |    18 |     7 ||    32
 Cast: Ensorcelled Hiber |       |     6 |     3 ||     9
       Dazzling Spray    |       |       |     1 ||     1
  Use: Potion            |     1 |       |       ||     1
 Stab: Sleeping          |       |     4 |     6 ||    10
